Unix NetHack Version 5.0.0-0 post-release - last build May 31 2026 23:59:36 (970b52f25bf058293b47ddfd14a1e40e571c508c,branch:main).

Game began 2026-06-06 19:27:57, ended 2026-06-07 04:52:32.

Jobair, lawful female dwarven Archeologist

                               ---                                       ---
                              --.---  ------   ------                    |.---
                              |....----.--.-- --....--         ---       |...|
                              |.)...--......---......|      ----.---     --..|
      .---- ------   ----     ----...........)..---..|     --.|....|      |-.|
      ..|.---....|   |..| -----  |..............----.----- |.......---    |..|
       |...|.....--  |..---...|  --..---.................---.........------*.|
       --.*.......---|........|   |..---....^)..----..--.....................|
        |....)......---......--   |..............| ----------.....-------..|^|
        --...................|    |........----..--     |..|......|     --##.|
        --...................--   --.......|  |...|   ---.........--     ---.|
        |.....................|    |-......-- --..--  |............--    |...|
        |................Y-...---  |...^.^..|  |...----.............|    |..--
        |.....@.................----..--....-- |.....|..............|    |..|
        --...J.......---.----.|..|...-----...| |...............>....|    ----
         |....a......| ---  |.|-.|...--  --0-- ----)---.0.----....[.--
         |.....^.....--    --.-|...*..|           --- ----- --.......--
         |..|.|.......|    |...|----..--                    |...---<..|
         --------.....|    --..|   --..|                    |..-- -----
                -------     ----    |..|                    ----
                                    ----
Jobair the Investigator    St:25 Dx:14 Co:25 In:16 Wi:16 Ch:10  Lawful
Dlvl:8  $:78 HP:0(65) Pw:14(14) AC:-7 Xp:8 T:13947 

Latest messages:
 What do you want to use or apply?
 What do you want to rub on the stone?
 H - a topaz stone.
 The large cat misses the warg.
 The large cat bites the warg.
 The large cat bites the warg.
 The warg misses the large cat.
 The large cat bites the warg.
 You swap places with the peaceful owlbear.
 You swap places with the peaceful glass golem.
 The warg bites!
 The large cat misses the owlbear.
 You hit the warg!
 The warg bites!
 You miss the warg.
 The warg bites!
 You kill the warg!
 You see here a warg corpse.
 There is a warg corpse here; eat it? [ynq] (n) y
 This warg corpse is gamey.
 You finish eating the warg corpse.
 You hear some noises in the distance.
 The large cat bites the tiger.
 The tiger misses the large cat.
 The tiger hits the large cat.
 The tiger knocks your large cat backward with a forceful strike!
 Your large cat turns into a newt!
 The newt bumps into you.
 Your newt turns into a soldier ant!
 The tiger turns into a jabberwock!
 You miss the jabberwock.
 The jabberwock just misses!
 The jabberwock bites!
 The jabberwock misses!
 The jabberwock hits!
 The jabberwock bites!
 The jabberwock bites again!
 The jabberwock hits!
 The jabberwock hits again!
 What do you want to zap?
 In what direction? 1
 The jabberwock seems to be moving slower.
 The jabberwock bites!
 The jabberwock bites again!
 You die...
 Do you want your possessions identified? [ynq] (y) y
 Do you want to see your attributes? [ynq] (y) y
 Do you want an account of creatures vanquished? [ynaq] (y) y
 Do you want to see your conduct and achievements? [ynq] (y) y
 Do you want to see the dungeon overview? [ynq] (y) y

Inventory:
 Coins    ('$')
  $ - 78 gold pieces
 Amulets  ('"')
  t - an uncursed amulet of guarding (being worn)
 Weapons  (')')
  v - 4 cursed -1 arrows
  a - 19 +0 elven arrows (in quiver)
  c - a +0 elven bow (alternate weapon; not wielded)
  j - a +0 elven bow
  B - 16 +0 darts
  y - the rustproof +2 Ogresmasher (weapon in right hand)
 Armor    ('[')
  d - a blessed +2 orcish helm (being worn)
  o - an uncursed +0 pair of gauntlets of power (being worn)
  q - an uncursed rotted +0 pair of elven boots
  i - an uncursed +0 pair of iron shoes (being worn)
  Z - a blessed +0 large shield (being worn)
  P - a blessed +1 cloak of magic resistance (being worn)
  r - an uncursed +0 elven mithril-coat (being worn)
 Scrolls  ('?')
  A - a blessed scroll of blank paper
  x - 2 uncursed scrolls of blank paper
  G - a cursed scroll of magic mapping
  n - 3 uncursed scrolls of teleportation
 Potions  ('!')
  V - an uncursed potion of water
 Wands    ('/')
  X - a wand of digging (0:7)
  l - a wand of digging (0:6)
  u - a wand of digging (0:5)
  N - a cursed wand of fire (0:5)
  p - a wand of light (0:12)
  m - a wand of lightning (0:7)
  O - a cursed wand of lightning (0:7)
  w - a blessed wand of slow monster (0:5)
  z - a wand of slow monster (0:5)
  U - a wand of teleportation (0:5)
 Tools    ('(')
  b - an uncursed sack containing 5 items
  F - an uncursed brass lantern (lit)
  C - a +0 pick-axe
  I - an uncursed stethoscope
  E - an uncursed towel
  T - an uncursed towel
 Gems/Stones  ('*')
  H - an uncursed topaz stone
  D - an uncursed worthless piece of white glass
  g - an uncursed touchstone

Contents of the sack:
  7689 gold pieces
  an uncursed food ration
  an uncursed lembas wafer
  an uncursed scroll of remove curse
  2 cursed agate stones

Jobair the Archeologist's attributes:

Background:
 You were an Investigator, a level 8 female dwarven Archeologist.
 You were lawful, on a mission for Quetzalcoatl
 who was opposed by Camaxtli (neutral) and Huhetotl (chaotic).
 You were right-handed.
 You were in the Gnomish Mines, on level 8.
 You entered the dungeon 13947 turns ago.
 It was nighttime.
 You had 2552 experience points, 8 more were needed to attain level 9.

Basics:
 You had 0 out of 65 hit points.
 You had all 14 energy points (spell power).
 Your armor class was -7.
 Your wallet contained 78 zorkmids, and
 you had 7689 more stashed away in your pack.
 Autopickup was off.

Final Characteristics:
 Your strength was 25 (base:10, innate limit:18/100).
 Your dexterity was 14 (limit:20).
 Your constitution was 25 (base:15, innate limit:20).
 Your intelligence was 16 (limit:16).
 Your wisdom was 16 (limit:16).
 Your charisma was 10 (limit:16).

Final Status:
 You weren't hungry.
 You were unencumbered.
 You were wielding a hammer.
 You had basic skill with hammer.

Final Attributes:
 You were piously aligned.
 You were magic-protected.
 You were telepathic.
 You had automatic searching.
 You had infravision.
 You were stealthy.
 You had a small defense bonus (+2).
 You were protected.
 You are dead.

Miscellaneous:
 You encountered 2 bones levels.
 Total elapsed playing time was 2 hours, 13 minutes and 51 seconds.

Major events:
 Turn
    1: Jobair the lawful female dwarven Archeologist entered the dungeon
  811: entered the Gnomish Mines
  831: attained the rank of Field Worker (level 3)
 2406: reached Mine Town
 2811: attained the rank of Investigator (level 6)
 5906: was bestowed with Ogresmasher by Quetzalcoatl
 7530: was bestowed with Trollsbane by Quetzalcoatl
13947: killed by a jabberwock

You didn't know any spells.

Skills:
 Fighting Skills
   bare handed combat [Unskilled]
   two weapon combat  [Unskilled]
   riding             [Unskilled]
 Weapon Skills
   dagger             [Unskilled]
   knife              [Unskilled]
   pick-axe           [Basic]
   short sword        [Unskilled]
   saber              [Unskilled]
   club               [Unskilled]
   morning star       [Unskilled]
   hammer             [Basic]
   quarterstaff       [Unskilled]
   sling              [Unskilled]
   dart               [Basic]
   boomerang          [Unskilled]
   whip               [Skilled]
   unicorn horn       [Unskilled]
 Spellcasting Skills
   attack spells      [Unskilled]
   healing spells     [Unskilled]
   divination spells  [Unskilled]
   matter spells      [Unskilled]

Voluntary challenges:
 Character rerolling was not enabled.
 You never genocided any monsters.
 You never polymorphed an object.
 You never changed form.
 You used no wishes.
Achievements:
 You entered a shop.
 You entered the Gnomish Mines.
 You attained the rank of Field Worker.
 You entered Minetown.
 You attained the rank of Investigator.
 You entered a temple.

 The Dungeons of Doom: levels 1 to 10
    Level 1:
    Level 2:
       A general store, a fountain.
       Stairs down to The Gnomish Mines.
    Level 3:
       A potion shop, a fountain.
    Level 4:
       Many altars, a fountain.
    Level 5:
       A food shop, a sink.
    Level 6:
       A general store, a sink.
    Level 7:
       Many fountains.
    Level 8:
       Many fountains.
       Final resting place for
          ThermoNuclear-Wiz-Elf-Fem-Cha, killed by a cave spider, while frozen by a floating eye's gaze.
    Level 9:
    Level 10:
 The Gnomish Mines: levels 3 to 8
    Level 3:
       A grave.
       Final resting place for
          leogorerd-Wiz-Hum-Fem-Neu, killed by a gnome.
    Level 4:
    Level 5:
    Level 6:
       Many shops, a temple and an altar, some fountains, a sink.
    Level 7:
    Level 8: <- You were here.
       Final resting place for
          you, killed by a jabberwock.


Vanquished creatures:
  2 ghosts
  a giant mimic
  a large mimic
  a warg
  a large dog
  a large cat
  a gargoyle
  2 watchmen
  a giant beetle
  3 cockatrices
  2 leprechauns
 an orc-captain
 an iron piercer
  2 giant spiders
  a gnome ruler
 an orc mummy
  2 dwarf mummies
 an owlbear
  5 Green-elves
  a lizard
  2 dingoes
  a dog
  a housecat
  a jaguar
  a dwarf leader
  a blue jelly
  2 dust vortices
  2 ravens
  a rope golem
  a fire ant
 an imp
  3 wood nymphs
  2 water nymphs
  a mountain nymph
  3 rock piercers
  a rock mole
  a pony
  3 fog clouds
  2 yellow lights
  a shrieker
  2 violet fungi
  9 gnome leaders
  4 gnomish wizards
  a kobold mummy
  a guardian naga hatchling
  a straw golem
  5 paper golems
  8 giant ants
  9 floating eyes
  3 kittens
  3 dwarves
  2 homunculi
  3 rothes
  8 giant bats
  8 monkeys
  3 orc zombies
  2 wererats
  a werejackal
  8 iguanas
  a killer bee
  3 acid blobs
  2 gas spores
  a hobbit
  2 manes
  a large kobold
  4 hobgoblins
  9 giant rats
  3 cave spiders
  3 yellow molds
  3 green molds
 41 gnomes
  a gnome zombie
 11 geckos
 15 jackals
  2 foxes
  2 kobolds
  5 goblins
  2 sewer rats
  8 grid bugs
  4 bats
  6 lichens
  4 kobold zombies
 12 newts
288 creatures vanquished.

No species were genocided or became extinct.

Game over:
                       ----------
                      /          \
                     /    REST    \
                    /      IN      \
                   /     PEACE      \
                  /                  \
                  |      Jobair      |
                  |     7767 Au      |
                  |   killed by a    |
                  |    jabberwock    |
                  |                  |
                  |                  |
                  |       2026       |
                 *|     *  *  *      | *
        _________)/\\_//(\/(/\)/\//\/|_)_______

Goodbye Jobair the Archeologist...

You died in The Gnomish Mines on dungeon level 8 with 17689 points,
and 7767 pieces of gold, after 13947 moves.
You were level 8 with a maximum of 65 hit points when you died.

